 Dungeon Crawl Stone Soup version 0.26.1-11-gd32895ea62 (webtiles) character file.

Game seed: 4008105527706287833

196 nightchill the Chopper (level 5, 48/48 HPs)
             Began as a Minotaur Fighter on May 6, 2021.
             Got out of the dungeon alive.
             The game lasted 00:02:41 (2566 turns).

nightchill the Chopper (Minotaur Fighter)           Turns: 2566, Time: 00:02:42

Health: 48/48      AC: 11    Str: 22    XL:     5   Next: 46%
Magic:  4/4        EV:  4    Int:  5    God:
Gold:   132        SH:  9    Dex:  9    Spells: 4/4 levels left

rFire    . . .     SeeInvis .   a - +0 war axe
rCold    . . .     Faith    .   c - +0 kite shield
rNeg     . . .     Spirit   .   n - +0 plate armour
rPois    .         Reflect  .   (helmet restricted)
rElec    .         Harm     .   (no cloak)
rCorr    .         Rampage  .   (no gloves)
Will     .....                  (no boots)
Stlth    ..........             (no amulet)
HPRegen  0.16/turn              (no ring)
MPRegen  0.09/turn              (no ring)

@: no status effects
A: retaliatory headbutt, horns 2
a: no special abilities


You escaped.
You visited 1 branch of the dungeon, and saw 4 of its levels.

You collected 132 gold pieces.

Inventory:

Hand Weapons
 a - a +0 war axe (weapon)
Armour
 b - a +0 scale mail
 c - a +0 kite shield (worn)
 n - a +0 plate armour (worn)
Scrolls
 e - 2 scrolls of enchant armour {unknown}
 h - 2 scrolls of identify {unknown}
 i - a scroll of magic mapping {unknown}
 j - 3 scrolls of remove curse {unknown}
 l - a scroll of teleportation {unknown}
 m - a scroll of immolation {unknown}
Potions
 d - 2 potions of might
 f - a potion of curing {unknown}
 g - a potion of degeneration {unknown}
 k - a potion of ambrosia {unknown}


   Skills:
 + Level 5.2 Fighting
 * Level 5.9 Axes
 - Level 3.6 Armour
 - Level 3.6 Shields


You had 4 spell levels left.
You didn't know any spells.
Your spell library was empty.

Dungeon Overview and Level Annotations

Branches:
Dungeon (4/15)
 Temple: D:4-7

Altars:
Fedhas
Hepliaklqana
Ru
Wu Jian
Xom


Innate Abilities, Weirdness & Mutations

You reflexively headbutt those who attack you in melee.
You have a pair of horns on your head.


Message History

Where to? (? - help)
What level of the Dungeon? (default 1, ? - help) HP restored.
There is a stone staircase leading up here.
You climb upwards.
There is a stone staircase leading down here.
There is a stone staircase leading up here.
You climb upwards.
There is a stone staircase leading down here.
You see here a +0 club.
There is a stone staircase leading up here.
You climb upwards.
There is a stone staircase leading down here.
You see here 3 stones.
There is a staircase leading out of the dungeon here.
Are you sure you want to leave the Dungeon?
This will make you lose the game!
Alright, then stay!
Okay, then.
Are you sure you want to leave the Dungeon?
This will make you lose the game!
You have escaped!

### ############.############
♣.......................♣ #
♣..8..8...........8..8..♣♣### ##
♣...÷...............÷...♣♣... .#
♣♣...÷...................♣♣♣.. .#
♣...8..8...........8..8...♣♣..
.#♣♣............@............♣♣..
..♣♣...8..8...........8..8...♣♣..
.#♣♣♣...................÷...♣♣♣.(
###♣♣...÷...................♣♣...
#..♣♣..8..8...........8..8..♣♣...
...♣♣.......................♣♣.†.
#.##############.##############.#
#....# #########.................
##.### #......##...###...........


There were no monsters in sight!

Vanquished Creatures
  A phantom (D:4)
  3 adders
  An ooze (D:4)
  A worm (D:3)
  4 dart slugs
  A leopard gecko (D:3)
  An orc (D:3)
  3 ball pythons
  8 bats
  5 giant cockroaches
  5 goblins
  9 hobgoblins
  2 jackals
  2 quokkas
  3 frilled lizards
  7 kobolds
  4 rats
60 creatures vanquished.

Notes
Turn   | Place    | Note
-------+----------+-------------------------------------------
     0 | D:1      | nightchill the Minotaur Fighter began the quest for the
                  | Orb.
     0 | D:1      | Reached XP level 1. HP: 19/19 MP: 0/0
   153 | D:1      | Reached XP level 2. HP: 24/27 MP: 1/1
   266 | D:1      | You fall into a shaft and drop 1 floor!
   612 | D:2      | Reached XP level 3. HP: 33/33 MP: 2/2
   795 | D:2      | Found a sacrificial altar of Ru.
   798 | D:2      | Found an ornate altar of the Wu Jian Council.
   801 | D:2      | Found a hazy altar of Hepliaklqana.
   922 | D:2      | Found a shimmering altar of Xom.
  1376 | D:3      | Reached XP level 4. HP: 41/41 MP: 3/3
  2320 | D:3      | Found a blossoming altar of Fedhas.
  2391 | D:4      | Noticed a phantom
  2406 | D:4      | Killed a phantom
  2407 | D:4      | Reached skill level 5 in Fighting
  2407 | D:4      | Reached skill level 5 in Axes
  2407 | D:4      | Reached XP level 5. HP: 33/48 MP: 4/4
  2566 | D:$      | Got out of the dungeon alive.

Illustrated notes

Levels and vault maps discovered:
D:1:      giann_forest_graveyard, layout_rooms, minmay_tripent
D:2:      layout_rooms, grunt_temple_overflow_diamond, xom_teletrap_fun
D:3:      layout_loops_corners, minmay_misc_feat_doors, lemuel_tele_altar
D:4:      layout_loops_cross, grunt_gozag_statues

Skill      XL: |  1  2  3  4 |
---------------+-------------+-----
Axes           | 3 4 5 |  5.9
Fighting       | 4 5 |  5.2
Armour         | |  3.6
Shields        | |  3.6

Action                   |  1- 3 |  4- 6 || total
-------------------------+-------+-------++-------
Melee: War axe           |    92 |    50 ||   142
       Headbutt          |     8 |     6 ||    14
Armor: Scale mail        |    31 |    11 ||    42
       Plate armour      |       |     5 ||     5
Dodge: Dodged            |    36 |    16 ||    52
Block: Kite shield       |    51 |    23 ||    74
